Map: Ice and Chrome LE

Players

uwuThermal (uThermal)

  • Race: Terran Terran
  • League: Grandmaster
  • Spawn Location: 7:00

AGOElazer (Elazer) - Winner!

  • Race: Zerg Zerg
  • League: Master
  • Spawn Location: 1:00

Event: DreamHack SC2 Masters 2020 Fall

VOD

Have the link to the VOD?

Description

Time

  • Played on: Aug. 27, 2020, 1:17 p.m.
  • Length: 9:32

All games in this series

Show
View Real Time Build Order
Export as new Build Order

uwuThermal Terran 

Build Orders: Gas First Reaper Expand, Banshee Rush 

Get SALT Encoding   

  12  0:00  SCV  
  13  0:12  SCV  
  14  0:16  Supply Depot  
  14  0:24  SCV  
  14  0:27  Refinery  
  15  0:38  SCV  
  16  0:43  Barracks  
  16  0:50  SCV  
  17  1:02  SCV  
  18  1:14  SCV  
  19  1:30  Orbital Command, Reaper  
  20  1:41  Command Center  
  20  1:51  Factory  
  20  1:56  SCV  
  21  2:05  Barracks Reactor  
  21  2:08  SCV  
  22  2:12  Supply Depot  
  22  2:20  SCV  
  22  2:21  Refinery  
  23  2:33  SCV  
  24  2:42  Starport, Marine  
  24  2:43  Marine  
  26  2:44  Hellion  
  26  2:46  SCV  
  29  2:53  Orbital Command  
  29  2:58  SCV  
  30  3:01  Marine x2  
  32  3:06  Factory Tech Lab  
  32  3:10  SCV  
  33  3:19  SCV, Supply Depot, Marine x2  
  35  3:22  SCV  
  37  3:29  Cloaking Field  
  37  3:30  Factory Tech Lab  
  37  3:33  Banshee  
  40  3:35  SCV  
  40  3:36  SCV  
  40  3:40  Marine x2  
  44  3:46  Supply Depot  
  44  3:49  SCV x2  
  44  3:54  Siege Tank  
  49  3:57  Marine  
  49  3:58  Marine  
  49  4:01  SCV x2  
  52  4:09  Supply Depot  
  52  4:13  SCV  
  52  4:15  Marine  
  52  4:16  Banshee, Marine  
  58  4:19  SCV  
  59  4:30  SCV  
  59  4:31  Command Center  
  60  4:36  Siege Tank, Marine x2  
  65  4:40  Supply Depot  
  65  4:41  SCV  
  65  4:43  SCV  
  67  4:53  SCV  
  67  4:55  SCV  
  69  5:05  Barracks, SCV  
  70  5:08  Engineering Bay, Barracks, SCV  
  70  5:09  Engineering Bay, Marine  
  70  5:10  Starport Reactor  
  72  5:14  Siege Tank  
  72  5:18  SCV  
  72  5:20  SCV  
  77  5:23  Supply Depot  
  77  5:26  Marine  
  76  5:30  SCV  
  76  5:32  SCV  
  78  5:36  Stimpack  
  78  5:39  Barracks x2, Refinery  
  78  5:40  Refinery  
  78  5:44  Orbital Command, Marine  
  78  5:48  SCV  
  80  5:55  SCV  
  81  5:58  Starport Reactor  
  81  5:59  Marine x3  
  81  6:00  SCV, Marine  
  81  6:02  Marine  
  87  6:05  Factory Reactor  
  87  6:07  SCV  
  88  6:17  Marine x3  
  91  6:19  Missile Turret  
  91  6:21  Terran Infantry Armor Level 1, Terran Infantry Weapons Level 1  
  91  6:22  Missile Turret  
  91  6:23  Marine  
  91  6:24  Missile Turret  
  91  6:25  Marine  
  93  6:26  SCV  
  93  6:28  Barracks Reactor  
  93  6:29  Barracks Reactor  
  94  6:35  Marine  
  94  6:36  Medivac  
  96  6:42  Widow Mine x2  
  96  6:45  Supply Depot, Marine  
  101  6:47  Supply Depot  
  101  7:00  Marine x4  
  101  7:03  Marine  
  101  7:06  Orbital Command, Widow Mine  
  101  7:07  Widow Mine, Marine x2  
  103  7:12  Marine  
  102  7:15  Combat Shield  
  102  7:17  Marine x2  
  102  7:19  Medivac, Marine  
  102  7:20  Medivac  
  102  7:22  Marine x2  
  110  7:26  Armory  
  110  7:27  Widow Mine  
  110  7:28  Widow Mine, SCV x2  
  116  7:34  Marine  
  116  7:36  Marine  
  117  7:40  Factory  
  117  7:46  Supply Depot  
  117  8:03  Widow Mine x2, SCV, Marine x4  
  117  8:04  Marine x2  
  117  8:05  Marine  
  96  8:07  Marine  
  67  8:18  Marine  
  59  8:22  Marine  
  59  8:25  Widow Mine x2  
  62  8:32  Marine  
  51  8:44  Marine  
  51  8:47  Marine  
  46  8:50  Marine  
  46  8:55  SCV  
  48  8:58  Marine  
  42  9:08  Marine  
  42  9:09  Marine x3  
  43  9:12  Marine  
Show
View Real Time Build Order
Export as new Build Order

AGOElazer Zerg - Winner!

Build Orders: Hatch First, Muta Ling Bane 

Get SALT Encoding   

  12  0:00  Drone  
  13  0:12  Overlord  
  13  0:16  Drone  
  14  0:30  Drone x2  
  16  0:47  Hatchery  
  15  0:51  Drone  
  15  0:54  Drone  
  17  0:57  Drone  
  18  1:08  Extractor  
  17  1:13  Spawning Pool  
  17  1:15  Drone  
  17  1:19  Drone  
  18  1:27  Drone  
  19  1:38  Drone  
  20  1:51  Drone  
  21  1:59  Queen x2  
  21  2:00  Zergling x2  
  26  2:02  Overlord  
  26  2:10  Zergling x2  
  26  2:11  Drone, Metabolic Boost  
  29  2:22  Drone  
  29  2:23  Drone  
  30  2:33  Drone x2  
  30  2:35  Queen  
  33  2:39  Queen  
  33  2:43  Overlord  
  35  2:46  Overlord  
  35  3:02  Drone x2  
  35  3:04  Drone x2  
  39  3:09  Drone x6  
  45  3:19  Drone x2  
  47  3:26  Hatchery  
  46  3:35  Extractor, Lair  
  46  3:38  Drone x2  
  47  3:43  Overlord  
  47  3:44  Drone  
  47  3:47  Extractor  
  47  3:48  Drone x4  
  48  3:49  Extractor  
  48  3:50  Drone  
  51  4:04  Drone x5  
  51  4:09  Baneling Nest  
  55  4:14  Overlord  
  55  4:17  Zergling x4  
  55  4:18  Drone x2  
  55  4:21  Overlord x2  
  58  4:32  Overlord  
  58  4:34  Zergling x4  
  58  4:35  Spire  
  59  4:39  Zergling x6  
  62  4:49  Zergling x6  
  65  4:53  Zergling x8  
  65  4:54  Centrifical Hooks  
  65  4:56  Baneling x3  
  65  4:57  Baneling  
  69  5:01  Zergling x8  
  69  5:04  Zergling x2  
  74  5:09  Overseer  
  74  5:12  Overlord  
  74  5:14  Drone x5  
  74  5:26  Drone x7  
  78  5:29  Drone x2  
  75  5:37  Overseer  
  75  5:40  Drone  
  76  5:48  Mutalisk x5  
  86  5:51  Mutalisk  
  86  5:56  Baneling x4  
  86  5:57  Baneling  
  88  6:00  Zergling x8  
  88  6:02  Baneling x2  
  92  6:06  Extractor, Zergling x6  
  94  6:17  Zergling x8  
  98  6:29  Drone x2  
  98  6:31  Overlord  
  97  6:35  Overlord  
  97  6:37  Overlord, Zerg Flyer Weapons Level 1  
  97  6:45  Zergling x2  
  98  6:56  Mutalisk x5  
  98  6:59  Zergling x14  
  111  7:09  Overlord  
  111  7:17  Mutalisk x3  
  111  7:21  Zergling x8  
  121  7:25  Baneling x5  
  121  7:33  Zergling x8  
  121  7:34  Zergling x4  
  127  7:40  Zergling x2  
  127  7:42  Baneling x8  
  127  7:43  Zergling x4  
  127  7:52  Zergling x4  
  103  8:08  Zergling x24  
  98  8:21  Zergling x6  
  98  8:25  Zergling x4  
  101  8:28  Baneling  
  101  8:29  Zergling x2  
  101  8:30  Zergling x12  
  99  8:38  Zergling x6  
  97  8:42  Zergling x6  
  97  8:45  Pneumatized Carapace  
  90  8:52  Mutalisk  
  90  8:53  Mutalisk x2  
  94  8:59  Mutalisk x3  
  98  9:03  Zergling x2  
  98  9:04  Zergling x2  
  100  9:12  Zergling x4  

Tags
 
Add a new tag
Caveats
  • Supply blocks, unpowered buildings, or Contaminate may cause inaccurate times.
  • Supply counts are checked every 10 seconds.